 Dungeon Crawl Stone Soup version 0.19.1-1-g22dce08 (webtiles) character file.

658 McKennaii the Gusty (level 7, -2/43 HPs)
             Began as a High Elf Air Elementalist on Jan 6, 2017.
             Was an Initiate of Sif Muna.
             Killed from afar by Jynx's ghost (11 damage)
             ... with a flame tongue
             ... on level 5 of the Dungeon.
             The game lasted 00:21:51 (4415 turns).

McKennaii the Gusty (High Elf Air Elementalist)     Turns: 4415, Time: 00:21:53

Health: -2/43      AC:  3    Str:  7    XL:     7   Next: 30%
Magic:  7/16       EV: 13    Int: 21    God:    Sif Muna [......]
Gold:   303        SH:  0    Dex: 16    Spells: 4 memorised, 9 levels left

rFire  . . .     SeeInvis .     (no weapon)
rCold  . . .     Gourm    .     a - +1 robe
rNeg   . . .     Faith    .     (no shield)
rPois  .         Spirit   .     (no helmet)
rElec  .         Reflect  .     (no cloak)
rCorr  .         Harm     .     (no gloves)
MR     .....                    (no boots)
Stlth  +.........               (no amulet)
                                (no ring)
                                l - ring of loudness (curse)

@: liquid flames, glowing
A: no striking features
a: Renounce Religion


You were on level 5 of the Dungeon.
You worshipped Sif Muna.
Sif Muna was noncommittal.
You were not hungry.

You visited 2 branches of the dungeon, and saw 6 of its levels.

You collected 303 gold pieces.

Inventory:

Hand Weapons
 d - a +1 dagger of speed
Armour
 a - a +1 robe (worn)
 v - a cursed +0 helmet
Jewellery
 l - a cursed ring of loudness (left hand)
 t - a +4 ring of strength {unknown}
Wands
 w - a wand of flame (0/48)
Scrolls
 e - 2 scrolls of amnesia
 h - 3 scrolls of recharging
 j - a scroll of enchant weapon
 n - a scroll of random uselessness {unknown}
 o - a scroll of enchant armour
 q - 4 scrolls of identify
 u - a scroll of fear
Potions
 g - a potion of haste {unknown}
 i - 3 potions of curing
 k - a potion of brilliance {unknown}
 m - 2 potions of agility {unknown}
 s - a potion of ambrosia {unknown}
Books
 b - a book of Air

   Spells                             Type                      Level
   a - Shock                          Conjuration/Air              1
   b - Swiftness                      Charms/Air                   2
   c - Repel Missiles                 Charms/Air                   2
   d - Static Discharge               Conjuration/Air              3
   e - Lightning Bolt                 Conjuration/Air              5
Comestibles
 c - 2 bread rations
 f - 3 meat rations
 r - a beef jerky


   Skills:
 + Level 1.0 Fighting
 + Level 2.8 Dodging
 + Level 2.5 Stealth
 + Level 0.1 Unarmed Combat
 + Level 5.6 Spellcasting
 + Level 4.5 Conjurations
 + Level 6.2 Air Magic


You had 9 spell levels left.
You knew the following spells:

 Your Spells              Type           Power        Failure   Level  Hunger
a - Shock                 Conj/Air       ####         1%          1    None
b - Swiftness             Chrm/Air       ###.....     4%          2    None
c - Repel Missiles        Chrm/Air       ###...       4%          2    None
d - Static Discharge      Conj/Air       ####....     3%          3    ##.....


Dungeon Overview and Level Annotations

Branches:
Dungeon (5/15)             Temple (1/1) D:4

Altars:
Cheibriados
Dithmenos
Fedhas
Gozag
Hepliaklqana
Kikubaaqudgha
Makhleb
Okawaru
Qazlal
Ru
Sif Muna
Trog
Uskayaw
Vehumet
Xom
Zin
The Shining One

Annotations:
D:5 Jynx's ghost, novice DEFE


Message History

The zap hits Jynx's ghost.
Jynx's ghost is severely damaged.
The zap hits Jynx's ghost.
Jynx's ghost is severely damaged.
You are covered in liquid flames!
Jynx's ghost gestures at you while chanting.
The flame tongue hits you!
* * * LOW HITPOINT WARNING * * *
Casting: Shock
Confirm with . or Enter, or press ? or * to list all spells.
Aiming: Shock
Press: ? - help, Shift-Dir - straight line The zap hits Jynx's ghost.
Jynx's ghost is severely damaged.
The zap misses Jynx's ghost.
You are covered in liquid flames!
* * * LOW HITPOINT WARNING * * *
Jynx's ghost points at you and mumbles some strange words.
The flame tongue hits you!
You die...

.... #.. ..# # #.. #.#
#.#.. ######.# .#.#
#......#### ...
#.......... # #.#
#......##..
.###<##.#######......##..
........@.....'....†.....
.###.##W#######......##..
#.# #......##.. #'#
#......##.. #........#
#......##.. ##.......#
#......##.. #.......#
#......##.. #.......#
#......##.. #.......#
#......##..


You could see Jynx's ghost.

Vanquished Creatures
  Grinder (D:3)
  2 howler monkeys
  2 crimson imps (D:5)
  A hound (D:4)
  A bullfrog skeleton (D:4)
  An iguana (D:5)
  2 worker ants (D:4)
  A worker ant zombie (D:5)
  A gnoll (D:1)
  6 adders
  3 oozes
  3 dart slugs
  5 worms
  2 leopard geckos
  7 orcs
  4 giant cockroaches
  3 goblins
  7 hobgoblins
  6 quokkas
  4 ball pythons
  A ball python skeleton (D:4)
  6 bats
  2 frilled lizards (D:2)
  10 kobolds
  7 rats
88 creatures vanquished.

Notes
Turn   | Place    | Note
-------+----------+-------------------------------------------
     0 | D:1      | McKennaii the High Elf Air Elementalist began the quest for the Orb.
     0 | D:1      | Reached XP level 1. HP: 11/11 MP: 4/4
   189 | D:1      | Reached XP level 2. HP: 17/17 MP: 4/6
   203 | D:1      | Reached skill level 4 in Air Magic
   415 | D:1      | Reached XP level 3. HP: 4/21 MP: 0/8
   616 | D:1      | Learned a level 1 spell: Shock
   619 | D:1      | Learned a level 2 spell: Swiftness
   622 | D:1      | Learned a level 2 spell: Repel Missiles
   695 | D:2      | Found a sacrificial altar of Ru.
   950 | D:2      | Reached XP level 4. HP: 27/27 MP: 6/9
  1403 | D:3      | Noticed Grinder
  1431 | D:3      | Paralysed by Grinder for 2 turns
  1434 | D:3      | Paralysed by Grinder for 3 turns
  1449 | D:3      | Paralysed by Grinder for 7 turns
  2207 | D:3      | Learned a level 3 spell: Static Discharge
  2266 | D:4      | Reached skill level 5 in Air Magic
  2266 | D:4      | Reached XP level 5. HP: 30/32 MP: 2/12
  2740 | D:4      | Found a staircase to the Ecumenical Temple.
  2745 | Temple   | Entered the Ecumenical Temple
  2825 | Temple   | Became a worshipper of Sif Muna the Loreminder
  3071 | D:4      | Reached XP level 6. HP: 37/37 MP: 6/13
  4083 | D:3      | Killed Grinder
  4083 | D:3      | Reached skill level 5 in Spellcasting
  4083 | D:3      | Reached skill level 6 in Air Magic
  4083 | D:3      | Reached XP level 7. HP: 19/42 MP: 8/16
  4154 | D:5      | Entered Level 5 of the Dungeon
  4249 | D:5      | Found a radiant altar of Vehumet.
  4251 | D:5      | Found a burning altar of Makhleb.
  4364 | D:5      | Reached skill level 1 in Fighting
  4402 | D:5      | Noticed Jynx's ghost (novice DEFE)
  4415 | D:5      | Killed from afar by Jynx's ghost

Skill      XL: |  1  2  3  4  5  6  7 |
---------------+----------------------+-----
Air Magic      | 4 5 6 |  6.2
Spellcasting   | 3 4 5 |  5.6
Conjurations   | 2 3 4 |  4.5
Fighting       | 1 |  1.0
Dodging        | |  2.8
Stealth        | |  2.5
Unarmed Combat | |  0.1

Action                   |  1- 3 |  4- 6 |  7- 9 || total
-------------------------+-------+-------+-------++-------
Melee: Unarmed           |    14 |       |       ||    14
       Dagger            |       |     1 |       ||     1
 Cast: Shock             |    75 |   149 |    31 ||   255
  Use: Scroll            |     9 |     1 |       ||    10
       Potion            |       |     2 |       ||     2
  Eat: Bread ration      |       |     2 |       ||     2
       Fruit             |       |     1 |       ||     1
       Royal jelly       |       |       |     1 ||     1
       Pizza             |       |       |     1 ||     1
Armor: Robe              |    12 |    11 |     1 ||    24
Dodge: Dodged            |    50 |    37 |     5 ||    92
